 Dungeon Crawl Stone Soup version 0.20.1-1-g8b1a95d (webtiles) character file.

30 Nattfarinn the Skirmisher (level 3, 0/30 HPs)
             Began as a Formicid Abyssal Knight on Aug 2, 2017.
             Was a Follower of Lugonu.
             Slain by a hobgoblin
             ... wielding a +0 club
              (1 damage)
             ... on level 2 of the Dungeon.
             The game lasted 00:02:34 (1077 turns).

Nattfarinn the Skirmisher (Formicid Abyssal Knight) Turns: 1077, Time: 00:02:34

Health: 0/30       AC:  6    Str: 16    XL:     3   Next: 35%
Magic:  0/4        EV:  9    Int: 11    God:    Lugonu [*.....]
Gold:   101        SH:  0    Dex: 11    Spells: 2/2 levels left

rFire    . . .     SeeInvis +   n - -3 dagger (curse)
rCold    . . .     Gourm    .   (no shield)
rNeg     . . .     Faith    .   m - +0 scale mail
rPois    .         Spirit   +   (helmet unavailable)
rElec    .         Reflect  .   (no cloak)
rCorr    .         Harm     .   (no gloves)
MR       .....                  (no boots)
Stlth    ..........             k - amulet of guardian spirit
Regen    0.1/turn               (no ring)
MPRegen  0.1/turn               (no ring)

@: no status effects
A: permanent stasis, dig shafts and tunnels, four strong arms, antennae 3
a: Dig, Shaft Self, Depart the Abyss, Renounce Religion


You were on level 2 of the Dungeon.
You worshipped Lugonu.
Lugonu was aware of your devotion.
You were hungry.

You visited 1 branch of the dungeon, and saw 2 of its levels.
You visited the Abyss 1 time.

You collected 101 gold pieces.

Inventory:

Hand Weapons
 a - a +1 short sword
 n - a cursed -3 dagger (weapon)
Armour
 b - a +0 leather armour
 f - a +0 leather armour
 m - a +0 scale mail (worn)
Jewellery
 k - an amulet of guardian spirit (around neck)
Scrolls
 d - a scroll of immolation
 h - a scroll of identify {unknown}
 i - a scroll of teleportation {unknown}
 j - a scroll of amnesia {unknown}
Potions
 e - a potion of heal wounds {unknown}
 l - a potion of brilliance {unknown}
Comestibles
 c - 2 bread rations
 g - 2 meat rations


   Skills:
 * Level 4.1 Fighting
 + Level 2.4 Short Blades
 + Level 2.3 Armour
 - Level 0.8 Dodging
 * Level 0.6 Stealth
 - Level 2.1 Invocations


You had 2 spell levels left.
You didn't know any spells.

Dungeon Overview and Level Annotations

Branches:
Dungeon (2/15)

Altars:


Innate Abilities, Weirdness & Mutations

You cannot be hasted, slowed, berserked, paralysed or teleported.
You can dig through walls and to a lower floor.
Your four strong arms can wield two-handed weapons with a shield.
You have a pair of large antennae on your head. (SInv)


Message History

You hit the worm but do no damage. The bat hits you but does no damage.
The bat barely misses you. The worm bites you.
* * * LOW HITPOINT WARNING * * *
The hobgoblin hits you but does no damage.
The kobold hits you with a club.
* * * LOW HITPOINT WARNING * * *
The giant cockroach bites you but does no damage.
You hit the worm.
The worm is lightly wounded.
The bat closely misses you. The hobgoblin barely misses you.
The giant cockroach bites you but does no damage.
The hobgoblin hits you.
* * * LOW HITPOINT WARNING * * *
The worm bites you.
* * * LOW HITPOINT WARNING * * *
You hit the worm.
The worm is lightly wounded.
The bat hits you but does no damage. The kobold closely misses you.
The hobgoblin hits you with a club.
You die...

.# # # . { ..
....
..####.##.#.#
........[.#.#
........#S..#
.#..........#.#
...............
.......g#K#
##.#.##w@s#
#......gb#
######...#
....# { ##...#
#.... #.#... ..
...


You could see a worm, an adder, a giant cockroach, 2 hobgoblins, a bat and a
kobold.

Vanquished Creatures
  An adder (D:1)
  A dart slug (D:1)
  A giant cockroach (D:1)
  2 goblins (D:1)
  2 hobgoblins (D:1)
  6 bats
  2 kobolds (D:1)
  4 rats (D:1)
19 creatures vanquished.

Notes
Turn   | Place    | Note
-------+----------+-------------------------------------------
     0 | Abyss:1  | Nattfarinn the Formicid Abyssal Knight began the quest for the Orb.
     0 | Abyss:1  | Reached XP level 1. HP: 18/18 MP: 2/2
     0 | D:1      | Escaped the Abyss
   169 | D:1      | Reached XP level 2. HP: 23/25 MP: 3/3
   408 | D:1      | Reached * piety under Lugonu
   452 | D:1      | Reached skill level 4 in Fighting
   876 | D:1      | Reached XP level 3. HP: 26/30 MP: 4/4
  1076 | D:2      | HP: 1/30 [worm (4)]
  1077 | D:2      | Slain by a hobgoblin

Skill      XL: |  1  2 |
---------------+-------+-----
Fighting       | 4 |  4.1
Short Blades   | |  2.4
Armour         | |  2.3
Dodging        | |  0.8
Stealth        | |  0.6
Invocations    | |  2.1

Action                   || total
-------------------------++-------
Melee: Short sword       ||    54
       Dagger            ||    19
Invok: Depart the Abyss  ||     1
  Use: Scroll            ||     2
Armor: Leather armour    ||    14
       Scale mail        ||    35
Dodge: Dodged            ||    64
